Map: Scythe of Amon

Players

Yuriprime

  • Race: Protoss Protoss
  • Spawn Location: 5:00

TheOutsider

  • Race: Terran Terran
  • Spawn Location: 5:00

VOD

Have the link to the VOD?

Description

Time

  • Played on: Sept. 23, 2017, 2:53 a.m.
  • Length: 17:15
Show
View Real Time Build Order
Export as new Build Order

Yuriprime Protoss 

Build Orders:  

Get SALT Encoding   

  12  0:03  Probe (Chrono Boost)  
  13  0:17  Probe (Chrono Boost)  
  13  0:18  Dark Pylon  
  14  0:24  Assimilator  
  14  0:31  Probe (Chrono Boost)  
  14  0:36  Assimilator  
  15  0:45  Probe (Chrono Boost)  
  16  0:59  Probe (Chrono Boost)  
  17  1:10  Gateway  
  17  1:13  Probe (Chrono Boost)  
  18  1:26  Forge  
  18  1:27  Probe (Chrono Boost)  
  19  1:41  Probe (Chrono Boost)  
  20  1:55  Probe (Chrono Boost)  
  21  2:11  Probe (Chrono Boost)  
  21  2:17  Cybernetics Core  
  22  2:23  Protoss Ground Weapons Level 1  
  22  2:25  Probe (Chrono Boost)  
  22  2:29  Pylon  
  23  2:53  Probe (Chrono Boost)  
  24  3:07  Probe (Chrono Boost)  
  24  3:08  Death Council  
  25  3:13  Gateway  
  25  3:15  Gateway  
  25  3:21  Probe (Chrono Boost)  
  26  4:04  Warp Gate  
  26  4:20  Dark Pylon, Nexus  
  26  4:25  Photon Cannon  
  26  4:27  Photon Cannon  
  26  4:30  Assimilator  
  26  4:34  Photon Cannon  
  26  4:36  Assimilator  
  26  4:41  Probe (Chrono Boost)  
  27  4:55  Dark Shrine, Probe (Chrono Boost)  
  28  5:10  Probe (Chrono Boost)  
  29  5:24  Probe (Chrono Boost)  
  30  5:33  Gateway  
  30  5:35  Pylon  
  30  5:38  Probe (Chrono Boost)  
  31  5:52  Probe (Chrono Boost)  
  31  5:59  Dark Templar  
  34  6:00  Dark Templar  
  34  6:06  Probe x2 (Chrono Boost)  
  38  6:17  Pylon  
  38  6:20  Shadow Fury (Chrono Boost), Probe x2 (Chrono Boost)  
  40  6:36  Probe (Chrono Boost)  
  40  6:38  Probe (Chrono Boost)  
  42  6:47  Dark Templar  
  42  6:49  Probe  
  44  6:52  Dark Templar  
  47  7:05  Gateway  
  47  7:07  Dark Templar  
  49  7:14  Dark Templar  
  51  7:32  Dark Templar  
  51  7:36  Dark Templar  
  55  7:43  Gateway  
  55  7:46  Gateway  
  55  7:58  Dark Templar  
  57  8:06  Dark Templar Blink  
  57  8:10  Dark Templar  
  59  8:23  Dark Templar  
  59  8:24  Dark Templar  
  63  8:36  Protoss Ground Weapons Level 2 (Chrono Boost)  
  63  8:46  Stargate  
  63  8:50  Stalker x2  
  63  8:58  Dark Templar  
  69  9:08  Pylon  
  69  9:10  Pylon  
  69  9:13  Pylon  
  69  9:15  Pylon  
  69  9:28  Blink  
  69  9:34  Dark Templar x2  
  69  9:35  Dark Templar x2  
  69  9:36  Dark Templar  
  79  9:48  Dark Templar x2  
  83  10:24  Oracle  
  83  10:37  Dark Templar x5  
  83  10:38  Dark Templar x2  
  100  11:06  Pylon  
  100  11:08  Pylon  
  100  11:10  Pylon  
  100  11:12  Pylon  
  100  11:34  Dark Templar x4  
  100  11:35  Dark Templar x3  
  114  12:08  Pylon  
  114  12:13  Gateway  
  114  12:14  Dark Templar  
  114  12:15  Dark Templar  
  116  12:21  Dark Templar x2  
  116  12:24  Dark Templar x2  
  116  12:25  Dark Templar, Gateway  
  126  12:52  Dark Templar x2  
  130  13:01  Pylon  
  130  13:08  Dark Templar x2  
  134  13:10  Dark Templar x2  
  138  13:58  Dark Pylon  
  138  14:01  Dark Templar  
  138  14:02  Dark Templar x4  
  138  14:42  Dark Templar x2  
  138  14:43  Dark Templar  
  142  15:22  Dark Pylon  
Show
View Real Time Build Order
Export as new Build Order

TheOutsider Terran 

Build Orders:  

Get SALT Encoding   

Tags
 
Add a new tag
Caveats
  • Supply blocks, unpowered buildings, or Contaminate may cause inaccurate times.
  • Supply counts are checked every 10 seconds.